Cogmind - Beta 13 @@@ ROGUE MODE // 2024.05.14 @ 22:40:07 Player: P9H Result: Destroyed by YI-UF0 with YI-UF0's Doublenader Performance ------------- Evolutions (0) 0 Regions Visited (2) 400 Robots Destroyed (6) 30 Value Destroyed (63) 63 Prototype IDs (0) 0 Alien Tech Used (0) 0 Bonus (0) 0 TOTAL SCORE: 493 Bonus ------- None Cogmind --------- Core Integrity 0/250 Matter 179/500 Energy 100/100 System Corruption 0% Temperature Cool (0) Movement Core (200) Ox3 Location -10/Mines Parts ------- > --- POWER (1) -------- (None) > --- PROPULSION (2) --- (None) > --- UTILITY (2) ------ Small Storage Unit High-capacity Matter Pod > --- WEAPON (2) ------- Light Assault Rifle > --- INVENTORY (8) ---- Ion Engine Compact Wheel Compact Wheel Grenade Launcher Peak State ------------ > --- POWER ------------ Light Ion Engine > --- PROPULSION ------- Wheel Compact Wheel > --- UTILITY ---------- Small Storage Unit Large Matter Pod > --- WEAPON ----------- EM Pulse Gun Grenade Launcher > --- INVENTORY -------- Ion Engine Compact Wheel Compact Wheel Small Laser Grenade Launcher Grenade Launcher Grenade Launcher [Rating: 7] Favorites ----------- Power Light Ion Engine Engine Light Ion Engine Propulsion Wheel Wheel Wheel Utility Small Storage Unit Storage Small Storage Unit Weapon EM Pulse Gun Energy Gun EM Pulse Gun Ballistic Gun Light Assault Rifle Launcher Grenade Launcher Build | -11 -10 -10 ------- Run | Yrd Mat Min Slots Evolved . | . . . Power . | . . . Propulsion . | . . . Utility . | . . . Weapon . | . . . Parts Attached 14 | 5 5 4 Power 2 | 1 1 . Engine 2 | 1 1 . Core . | . . . Reactor . | . . . Propulsion 2 | 1 1 . Treads . | . . . Leg . | . . . Wheel 2 | 1 1 . Hover . | . . . Flight . | . . . Utility 3 | 1 2 . Device . | . . . Storage 3 | 1 2 . Processor . | . . . Hackware . | . . . Protection . | . . . Artifact . | . . . Weapon 7 | 2 1 4 Energy Gun 1 | 1 . . Energy Cannon . | . . . Ballistic Gun 2 | 1 . 1 Ballistic Cannon . | . . . Launcher 4 | . 1 3 Special Weapon . | . . . Impact Weapon . | . . . Slashing Weapon . | . . . Piercing Weapon . | . . . Special Melee Weapon . | . . . Unidentified Prototypes . | . . . Parts Lost 8 | . . 8 Power 1 | . . 1 Propulsion 2 | . . 2 Utility . | . . . Weapon 5 | . . 5 Highest Loss Streak 8 | . . 8 To Critical Strikes . | . . . Average Slot Usage (%) 89 | . 90 84 Engine 12 | . 14 9 Wheel 25 | . 28 19 Storage 21 | . 19 28 Energy Gun 12 | . 14 9 Ballistic Gun 6 | . 8 1 Launcher 7 | . 5 14 Naked Turns . | . . . Heaviest Build 17 | 11 17 17 Greatest Support 26 | 10 26 26 Greatest Overweight (x) 1 | 1 . . Average Overweight (x) . | . . . Largest Inventory Capacity 8 | 8 8 8 Average Capacity 7 | 6 8 8 Most Carried 8 | 5 8 8 Average Carried 6 | 3 7 7 Final Capacity 8 | 8 8 8 Final Carried 8 | 5 8 4 Class Distribution -------------------- 100% | Mutant Dominant Class ---------------- Mutant | -10/Materials Mutant | -10/Mines Resources | -11 -10 -10 ----------- Run | Yrd Mat Min Matter Collected 309 | 245 49 15 Remotely . | . . . Salvage Created 118 | 23 88 7 Parts 14 | 2 9 3 Haulers Intercepted . | . . . Recyclers Shooed . | . . . Parts Field Recycled . | . . . Retrieved Matter . | . . . Parts Self-Destructed . | . . . Prevented . | . . . Kills | -11 -10 -10 ------- Run | Yrd Mat Min Combat Hostiles Destroyed 4 | . 3 1 Guns 3 | . 3 . AOE 1 | . . 1 Classes Destroyed 3 | 1 2 . Tunneler 1 | 1 . . Watcher 1 | . 1 . Swarmer 4 | . 3 1 Best Kill Streak 3 | 1 3 1 Combat Bots Only 3 | . 3 1 Max Kills in Single Turn 1 | 1 1 1 Gunslinging . | . . . Exploded 1 | . . 1 Melee . | . . . Uniques/NPCs Destroyed . | . . . Combat | -11 -10 -10 -------- Run | Yrd Mat Min Hostile Shots Fired 45 | . 9 36 Missed 11 | . 1 10 Damage Taken 747 | 14 59 674 Core 251 | . 30 221 Absorbed by Shields . | . . . Core Remaining (%) 100 | 100 . . Volleys Fired 16 | 1 7 8 Largest 2 | 2 2 2 Hottest 70 | 60 70 70 Shots Fired 32 | 2 14 16 Gun 20 | 2 13 5 Cannon . | . . . Launcher 12 | . 1 11 Special . | . . . Kinetic 10 | 1 6 3 Thermal . | . . . Explosive 12 | . 1 11 Electromagnetic 10 | 1 7 2 Robot Hit Streak 8 | 1 3 8 Robot Miss Streak 2 | 1 2 1 Penetration Max . | . . . Secondary Targets 1 | . 1 . Max Gunslinging Chain 1 | . 1 . Shots Hit Robots 20 | 1 9 10 Core Hits 16 | 1 4 11 Critical Kills . | . . . Critical Parts Destroyed . | . . . Critical Strikes . | . . . Melee Attacks . | . . . Impact . | . . . Slashing . | . . . Piercing . | . . . Sneak Attacks . | . . . Combat Hostiles . | . . . Follow-up Attacks . | . . . Damage Inflicted 359 | 119 119 121 Guns 142 | 23 119 . Cannons . | . . . Explosions 217 | 96 . 121 Melee . | . . . Ramming . | . . . Kinetic 35 | 8 27 . Thermal 96 | 96 . . Explosive 121 | . . 121 Electromagnetic 107 | 15 92 . Impact . | . . . Slashing . | . . . Piercing . | . . . Highest Corruption . | . . . Average Corruption . | . . . Corruption Purged . | . . . Corruption Blocked . | . . . Overload Shots . | . . . Overflow Damage . | . . . Projectiles . | . . . Explosions . | . . . Melee . | . . . Knockbacks . | . . . Impact . | . . . Kinetic . | . . . Secondary . | . . . Self-Inflicted Damage 14 | 14 . . Shots 1 | 1 . . Rammed . | . . . Targets Rammed . | . . . Kicked . | . . . Crushed . | . . . Highest Temperature 40 | 32 40 38 Average Temperature 21 | 22 21 21 Received Heat Transfer . | . . . Siege Activations . | . . . Robots Corrupted . | . . . Combat Hostiles . | . . . Parts Fried . | . . . Impact Corruptions . | . . . Robots Melted . | . . . Combat Hostiles . | . . . Parts Melted . | . . . Heat Transferred 100 | 100 . . Parts Sabotaged . | . . . Parts Stolen . | . . . Parts Stripped . | . . . Power Chain Reactions 1 | 1 . . Alert | -11 -10 -10 ------- Run | Yrd Mat Min Peak Influence 142 | 5 142 55 Initial 55 | . 3 55 Average 63 | . 80 43 Maximum Alert Level . | . . . Low Security (%) 100 | 100 100 100 Level 1 . | . . . Level 2 . | . . . Level 3 . | . . . Level 4 . | . . . Level 5 . | . . . High Security . | . . . Max Security . | . . . Squads Dispatched 1 | . 1 . Investigation . | . . . Extermination . | . . . Reinforcement 1 | . 1 . Assault . | . . . Garrison . | . . . Intercept . | . . . Searches Triggered . | . . . Construction Impeded . | . . . Haulers Reinforced . | . . . Active Scanning Responses . | . . . Cargo Convoy Interrupts . | . . . Stealth | -11 -10 -10 --------- Run | Yrd Mat Min Distress Signals 2 | . 2 . Communications Jammed . | . . . Distress Signals . | . . . Times Spotted 12 | . 8 4 Peak Tracking Total 4 | . 4 3 Tactical Retreats 1 | . 1 . Traps | -11 -10 -10 ------- Run | Yrd Mat Min Traps Triggered . | . . . Indirectly . | . . . Trap Hack Attempts . | . . . Triggered . | . . . Disarmed . | . . . Reprogrammed . | . . . Reused . | . . . Traps Extracted . | . . . Installed . | . . . Triggered . | . . . Machines | -11 -10 -10 ---------- Run | Yrd Mat Min Machines Disabled . | . . . Max in Single Turn . | . . . Machines Repaired . | . . . Machines Dismantled . | . . . Machines Sabotaged . | . . . Overloaded Fab Kills . | . . . Hacking | -11 -10 -10 --------- Run | Yrd Mat Min Machines Accessed 1 | . 1 . Terminals 1 | . 1 . Fabricators . | . . . Repair Stations . | . . . Recycling Units . | . . . Scanalyzers . | . . . Garrison Access . | . . . Total Hacks 2 | . 2 . Successful 1 | . 1 . Failed 1 | . 1 . Catastrophic 1 | . 1 . Database Lockouts . | . . . Manual . | . . . Terminals 2 | . 2 . Fabricators . | . . . Repair Stations . | . . . Recycling Units . | . . . Scanalyzers . | . . . Garrison Access . | . . . Terminal Hacks 1 | . 1 . Record 1 | . 1 . Fabricator Hacks . | . . . Repair Station Hacks . | . . . Recycling Unit Hacks . | . . . Scanalyzer . | . . . Garrison Access Hacks . | . . . Unauthorized Hacks . | . . . Terminals . | . . . Fabricators . | . . . Repair Stations . | . . . Recycling Units . | . . . Scanalyzers . | . . . Garrison Access . | . . . Data Cores Recovered . | . . . Used . | . . . Hacking Detections 1 | . 1 . Full Trace Events . | . . . Feedback Events . | . . . Feedback Blocked . | . . . Robot Schematics Acquired . | . . . Robots Built . | . . . Authchips . | . . . Time . | . . . Total Robot Build Rating . | . . . Part Schematics Acquired . | . . . Parts Built . | . . . Authchips . | . . . Time . | . . . Total Part Build Rating . | . . . Parts Repaired . | . . . Time . | . . . Parts Recycled . | . . . Recycled Matter . | . . . Retrieved Matter . | . . . Retrieved Components . | . . . Parts Scanalyzed . | . . . Part Schematics Acquired . | . . . Parts Damaged . | . . . Bothacking | -11 -10 -10 ------------ Run | Yrd Mat Min Used RIF Installer . | . . . Robots Hacked . | . . . Non-combat . | . . . Combat . | . . . Robot Hacks Applied . | . . . Relay Couplers Released . | . . . Fabnet Peak Effective % . | . . . Robots Rewired . | . . . Allies Hacked . | . . . Hacks Repelled . | . . . Allies | -11 -10 -10 -------- Run | Yrd Mat Min Total Allies . | . . . Largest Group . | . . . Highest-Rated Group . | . . . Highest-Rated Ally . | . . . Total Orders . | . . . Ally Attacks . | . . . Total Damage . | . . . Kills . | . . . Allies Corrupted . | . . . Allies Melted . | . . . Intel | -11 -10 -10 ------- Run | Yrd Mat Min Robot Analysis Total . | . . . Derelict Logs Recovered . | . . . Drone Launches . | . . . Drone Recoveries . | . . . Exploration | -11 -10 -10 ------------- Run | Yrd Mat Min Turns Passed 459 | 55 313 91 Spaces Moved 416 | 47 299 70 Core 13 | 13 . . Treads . | . . . Legs . | . . . Wheels 403 | 34 299 70 Hover . | . . . Flight . | . . . Fastest Speed 50 | 50 90 90 Average Speed 89 | 81 90 90 Slowest Speed 95 | 95 90 90 Overloaded Moves . | . . . Propulsion Burnouts . | . . . Robots Hopped . | . . . Cave-ins Triggered . | . . . Exploration Rate (%) 36 | 3 70 35 Regions Visited 2 Branch Regions 1 Pre-discovered Areas . | . . . Known Exits Taken . | . . . Unknown Exits Taken 2 | 1 1 . Scrap Searched 1 | . . 1 Spaces Dug . | . . . Terrain Destroyed 41 | 6 4 31 Melee . | . . . Projectile . | . . . AOE 41 | 6 4 31 Terrain Rammed . | . . . Walls Destroyed . | . . . Machines Disabled . | . . . Actions | -11 -10 -10 --------- Run | Yrd Mat Min Total 476 | 61 333 82 Wait 4 | . 4 . Move 414 | 46 298 70 Hop . | . . . Pick Up 20 | 9 11 . Fast Attach 1 | 1 . . Attach 11 | 4 3 4 Detach . | . . . Swap 2 | . 2 . Drop 8 | . 8 . Fire 16 | 1 7 8 Melee . | . . . Ram . | . . . Kick . | . . . Crush . | . . . Escape Stasis . | . . . Rewire . | . . . Trap . | . . . Miscellaneous . | . . . Route ------- -11/Scrapyard -10/Materials (discovered 2 exits: [*Mat] / [*Min]) -10/Mines (discovered 1 exit: [*Mat]) History --------- Turn | Location | Event 20 | -11/Scrapyard | Discovered new exit (range 16) 56 | -11/Scrapyard | Entered Materials 311 | -10/Materials | Build established: Mutant 324 | -10/Materials | Discovered new exit (range 9) 335 | -10/Materials | Discovered new exit (range 15) 369 | -10/Materials | Entered Mines 430 | -10/Mines | Discovered new exit (range 9) 445 | -10/Mines | Core integrity fell below 50% 459 | -10/Mines | Core integrity fell below 20% 460 | -10/Mines | Destroyed by YI-UF0 with YI-UF0's Doublenader Last Messages --------------- 00436_ Seismic Survey Station disabled. 00438_ Grenade Launcher destroyed. 00438_ Lgt. Ion Engine destroyed. 00438_ EM Pulse Gun destroyed. 00441_ The unstable cave ceiling collapses. 00448_ Grenade Launcher destroyed. 00448_ YI-UF0: "BLAM!" 00448_ S-10 Pest destroyed. 00450_ The unstable cave ceiling collapses. 00450_ Terminal disabled. 00451_ The unstable cave ceiling collapses. 00452_ U-05 Engineer lays Concrete. 00453_ The unstable cave ceiling collapses. 00453_ U-05 Engineer lays Concrete. 00454_ S-10 Pest destroyed. 00455_ The unstable cave ceiling collapses. 00455_ U-05 Engineer builds a Wall. 00457_ The unstable cave ceiling collapses. 00458_ Grenade Launcher destroyed. 00460_ The unstable cave ceiling collapses. Map ----- +----------------------------------------------------+ | ?## #?????????????????????????????????? | | ?# ##????????????????????????????????? | | ?# ##???????????????????????????????? | | ?# """ ####????????????????????????????? | | ?# """ ##???????????????????????????? | | ?# """ ##??????????????????????????? | | ## ## ####???????????????????????? | | # #### #???????????????????????? | | #??##### ### #???????????????????????? | | ##??????####?# #####???????????????????? | | #####????????????# #???????????????????? | | #????????????????##### #???????????????????? | | #????????????????????# #???????????????????? | | #???????????????????# #???????????????????? | | ??????????????????# ##??????????????????? | | ?????????????????# #??????????????????? | | ## ????????????????## #??????????????????? | | ##?# ????? ??????????# #??????????????????? | | ???? ??? ?#??????# #??????????????????? | | ????? ?? # ###?## ##?????????????????? | | ????? ?? ## #######???????????? | | ?????? ???# ## #????????? | | ?????? ????# # ##???????? | | ??????? ??????# # u r #???????? | | ??????????????# #??????? | | ??????????????# @ g #??????? | | ??????????????# # #?????? | | ?????????????# < ##?????? | | ?????????????# =%= = #?????? | | ?????????????# ## [ # ## # =% #?????? | | ?????????????## [ # ?? ##### ??????? | | ??????????????# #??##?#?????? ??????? | | ????????????? s ???????????????#??????? | | ?????????????##########??????????????????????? | | ?????????????????????????????????????????????? | | ?????????????????????????????????????????????? | | ?????????????????????????????????????????????? | | ?????????????????????????????????????????????? | | ?????????????????????????????????????????????? | | ?????????????????????????????????????????????? | | ?????????????????????????????????????????????? | | ?????????????????????????????????????????????? | | | | | | | | | | | | | | | | | +----------------------------------------------------+ Best States ------------- Heat Dissipation 25 Energy Generation 10 Energy Capacity 125 Matter Stores 300 Matter Capacity 500 Sight Range 16 Terrain Scan Density 10 Evasion (%) 50 Item Schematics ----------------- None Robot Schematics ------------------ None Fabricated ------------ Nothing Alien Tech Used ----------------- None Achievements -------------- None Challenges ------------ None Game ------ Seed VariableServoBox Manual? 0 Play Time 00:07:07 Cumulative 15.4 hours Start 2024.05.14 @ 22:19:02 End 2024.05.14 @ 22:40:07 Sessions 1 Manual Loads 0 Difficulty Rogue Special Mode None Game No. 30 Rogue 30 Adventurer 0 Explorer 0 Win Type - Total 0 Types 0/0/0/0/0/0/0/0/0 Lore% 6 Gallery% 22 Achievement% 17 Wizard Run 0 Options --------- Layout 1 ASCII 0 Keyboard 0 Movement Mouse Keybinds 0 Fullscreen 2 Font 32/SmallcapsGlow Map View 50x35 Zoom Use 0% Tactical HUD 1 Map Filters NONE Filters NONE Steam 1 RUN: 762c60db-4f66-4357-b36d-884b5e11bf14